 Dungeon Crawl Stone Soup version 0.25-a0-1079-g858b6a6ff6 (webtiles) character file.

Game seed: 1479093445465906679, levelgen mode: classic

16 Amnesiac the Cutter (level 2, 0/18 HPs)
             Began as a Deep Elf Fighter on May 16, 2020.
             Succumbed to an adder's poison
             ... on level 2 of the Dungeon.
             The game lasted 00:00:31 (91 turns).

Amnesiac the Cutter (Deep Elf Fighter)                Turns: 91, Time: 00:00:32

Health: 0/18       AC:  6    Str: 13    XL:     2   Next: 37%
Magic:  4/4        EV:  7    Int: 12    God:
Gold:   0          SH:  8    Dex: 14    Spells: 1/1 levels left

rFire    . . .     SeeInvis .   a - +0 rapier
rCold    . . .     Gourm    .   c - +0 kite shield
rNeg     . . .     Faith    .   b - +0 scale mail
rPois    .         Spirit   .   (no helmet)
rElec    .         Reflect  .   (no cloak)
rCorr    .         Harm     .   (no gloves)
MR       .....                  (no boots)
Stlth    ..........             (no amulet)
HPRegen  0.06/turn              (no ring)
MPRegen  0.09/turn              (no ring)

@: lethally poisoned (0 -> -11)
A: no striking features
a: no special abilities


You were on level 2 of the Dungeon.
You were not hungry.

You visited 1 branch of the dungeon, and saw 3 of its levels.

Inventory:

Hand Weapons
 a - a +0 rapier (weapon)
Armour
 b - a +0 scale mail (worn)
 c - a +0 kite shield (worn)
Potions
 d - a potion of might {!q}
Comestibles
 f - a ration
 g - 7 chunks of flesh


   Skills:
 - Level 2.4 Fighting
 * Level 2.7 Short Blades
 - Level 2.4 Armour
 + Level 1.2 Dodging
 - Level 2.5 Shields


You had one spell level left.
You didn't know any spells.
Your spell library was empty.

Dungeon Overview and Level Annotations

Branches:
Dungeon (3/15)

Altars:


Message History

Things that are here:
a +0 club; a hobgoblin skeleton; a leopard gecko skeleton
Things that are here:
a +0 club; a hobgoblin skeleton; a leopard gecko skeleton A frilled lizard comes into view.
You see here a ball python corpse.
A frilled lizard is nearby!
A frilled lizard is nearby!
A frilled lizard is nearby!
Found a stone staircase leading down.
The frilled lizard bites you but does no damage.
You hit the frilled lizard.
You kill the frilled lizard!
No target in view!
No target in view!
You see here a frilled lizard corpse.
There is a stone staircase leading down here.
You climb downwards.
There is a stone staircase leading up here.
HP restored.
Found a stone staircase leading up.
There is a stone staircase leading up here.
You climb upwards.
The adder hisses angrily.
The adder bites you.
You are poisoned.
The adder poisons you!
There is a stone staircase leading down here.
You barely miss the adder.
You feel sick. The adder bites you. You block the adder's attack.
You closely miss the adder. The adder bites you.
You are lethally poisoned!
The adder poisons you!
You miss the adder.
* * * LOW HITPOINT WARNING * * *
You feel sick. The adder barely misses you.
The adder bites you but does no damage.
You hit the adder.
The adder is moderately wounded.
* * * LOW HITPOINT WARNING * * *
You feel sick. The adder barely misses you.
You hit the adder.
The adder is almost dead.
* * * LOW HITPOINT WARNING * * *
You feel sick. The adder closely misses you. The adder bites you.
* * * LOW HITPOINT WARNING * * *
You are more poisoned.
The adder poisons you!
You are too injured to fight recklessly!
You are too injured to fight recklessly!
You are too injured to fight recklessly!
You are too injured to fight recklessly!
You hit the adder.
You kill the adder!
Your Dodging skill increases to level 1!
You have reached level 2!
* * * LOW HITPOINT WARNING * * *
You feel sick.
Okay, then.
* * * LOW HITPOINT WARNING * * *
You feel sick.
Found a stone staircase leading up.
A frilled lizard and a leopard gecko come into view.
You die...

# ####...
##.....#
###>.#
##...##
#.@### #...#
......#
l........#
...........#
.......<.l.#
..........##
#...#....##


You could see a leopard gecko (asleep) and a frilled lizard (asleep).

Vanquished Creatures
  An adder (D:2)
  A leopard gecko (D:2)
  A ball python (D:2)
  A giant cockroach (D:2)
  A hobgoblin (D:2)
  A frilled lizard (D:2)
6 creatures vanquished.

Notes
Turn   | Place    | Note
-------+----------+-------------------------------------------
     0 | D:1      | Amnesiac the Deep Elf Fighter began the quest for the Orb.
     0 | D:1      | Reached XP level 1. HP: 13/13 MP: 3/3
    89 | D:2      | Reached skill level 1 in Dodging
    89 | D:2      | Reached XP level 2. HP: 3/18 MP: 4/4
    91 | D:2      | Succumbed to an adder's poison

Illustrated notes

Levels and vault maps discovered:
D:1:      dpeg_arrival_stonehenge_8_columns, layout_basic, minmay_tetromino_s4
D:2:      layout_rooms, elyvilon_altar_1, grunt_ministairs_14
D:3:      layout_basic, regret_index_temple_of_mockery,
          nicolae_overflow_hidden_temple, hangedman_decor_clover_reticule,
          grunt_ministairs_7, kennysheep_generic_room_5, uniq_sigmund

Skill      XL: |  1 |
---------------+----+-----
Dodging        | 1 |  1.2
Fighting       | |  2.4
Short Blades   | |  2.7
Armour         | |  2.4
Shields        | |  2.5

Action                   || total
-------------------------++-------
Melee: Rapier            ||    17
Armor: Scale mail        ||     5
Dodge: Dodged            ||     4
Block: Kite shield       ||     7

Table legend:
 A = Non-vault XP
 B = Vault XP
 C = Vault XP percentage of total XP
 D = Non-vault monster count
 E = Vault monster count
 F = Vault count percentage of total count
                 A         B        C        D         E       F
            +---------+---------+-------+---------+---------+-------
      Total |      23 |       0 |   0.0 |       6 |       0 |   0.0
            +---------+---------+-------+---------+---------+-------
        D:2 |      23 |       0 |   0.0 |       6 |       0 |   0.0
            +---------+---------+-------+---------+---------+-------
